 Dungeon Crawl Stone Soup version 0.30.0-3-ga4e48a9924 (webtiles) character file.

Game seed: 8749484720565786684

32 zlionsfan the Cutter (level 3, -4/33 HPs)
             Began as a Deep Elf Chaos Knight on May 7, 2023.
             Was a Plaything of Xom.
             Slain by an adder (5 damage)
             ... on level 2 of the Dungeon.
             The game lasted 00:02:43 (1038 turns).

zlionsfan the Cutter (Deep Elf Chaos Knight)        Turns: 1038, Time: 00:02:45

Health: -4/33      AC: 21    Str:  9    XL:     3   Next: 10%
Magic:  5/5        EV:  2    Int: 16    God:    Xom [..*...]
Gold:   45         SH:  0    Dex: 16    Spells: 2/2 levels left

rFire   . . .        a - +0 short sword (chaos)
rCold   . . .        (no shield)
rNeg    . . .        b - melded +2 leather armour
rPois   +            (helmet currently unavailable)
rElec   .            l - melded +0 cloak
rCorr   .            (gloves currently unavailable)
SInv    .            (boots currently unavailable)
Will    +....        (no amulet)
Stlth   +            g - ring of willpower
HPRegen 0.25/turn    (no ring)
MPRegen 0.09/turn

%: no passive effects
@: mighty, lethally poisoned (-4 -> -7), tree-form, attractive
A: stationary, stasis, torment immunity, boosted hp
a: Renounce Religion


You were on level 2 of the Dungeon.
You worshipped Xom.
You were a toy of Xom.
You were a tree.
You visited 1 branch of the dungeon, and saw 2 of its levels.

You collected 45 gold pieces.

Inventory:

Hand Weapons
 a - a +0 short sword of chaos (weapon)
Missiles
 f - 3 javelins
Armour
 b - a +2 leather armour (melded)
 l - a +0 cloak (melded)
Jewellery
 g - a ring of willpower (left branch)
 n - a ring of fire
Scrolls
 d - a scroll of vulnerability {unknown}
 e - 2 scrolls of immolation {unknown}
 h - 2 scrolls of teleportation {unknown}
 m - a scroll of blinking {unknown}
Miscellaneous
 c - a piece from Xom's chessboard (14/15) (quivered)


   Skills:
 * Level 2.9 Fighting
 * Level 3.4 Short Blades
 * Level 0.4 Throwing
 + Level 0.7 Armour
 + Level 2.5 Dodging
 * Level 0.9 Evocations


You had 2 spell levels left.
You didn't know any spells.
Your spell library was empty.

Dungeon Overview and Level Annotations

Branches:
Dungeon (2/15)

Altars:


Message History

You feel sick. The adder barely misses you. The adder bites you.
You hit the adder.
The adder is severely wounded.
You feel sick. The adder bites you.
You are more poisoned.
The adder poisons you! The adder bites you but does no damage.
You closely miss the adder.
The adder is severely wounded.
You feel sick. The adder bites you but does no damage.
You barely miss the adder.
The adder is severely wounded.
You feel sick. The adder closely misses you.
The adder bites you but does no damage.
You barely miss the adder.
The adder is severely wounded.
You feel sick. The adder bites you but does no damage. The adder bites you.
Non-targeted evoke: piece from Xom's chessboard (15/15)
Press: ? - help, Q - select action, (/) - cycle Dir - look around, f - activate Look: an adder (severely wounded, berserk)
You make a move on Xom's chessboard...
The goblin suddenly stops moving!
You feel sick. The adder bites you.
* * * LOW HITPOINT WARNING * * *
You are lethally poisoned!
The adder poisons you! The adder misses you.
It was a potion of attraction.
You feel attractive to monsters.
* * * LOW HITPOINT WARNING * * *
You feel sick. The adder closely misses you. The adder misses you.
It was a potion of might.
You feel very mighty all of a sudden.
Xom thinks this is hilarious!
* * * LOW HITPOINT WARNING * * *
You feel sick. The adder barely misses you. The adder closely misses you.
It was a potion of lignification.
You turn into a tree.
Your +0 cloak melds into your body.
Your +2 leather armour melds into your body.
Your roots penetrate the ground.
* * * LOW HITPOINT WARNING * * *
You feel sick. The adder bites you but does no damage. The adder bites you.
You die...

#~.~~~~.~#
#~.~~~~.~#
~=⌠~~⌠.~#
......~#
~..~~
##''#
#Sg.#
#S###
##♣##
#####...#
#.......#
#.###...#
########.#
#####
.........#
########.#
#.# #.#


You could see 2 adders and a goblin (paralysed).

Vanquished Creatures
  An adder (D:2)
  A dart slug (D:1)
  3 ball pythons (D:1)
  4 bats (D:1)
  2 endoplasms
  A giant cockroach (D:1)
  A goblin (D:1)
  A hobgoblin (D:1)
  A quokka (D:1)
  A frilled lizard (D:1)
  2 kobolds
  A rat (D:1)
19 creatures vanquished.

Notes
Turn   | Place    | Note
-------+----------+-------------------------------------------
     0 | D:1      | zlionsfan the Deep Elf Chaos Knight began the quest for the
                  | Orb.
     0 | D:1      | Reached XP level 1. HP: 13/13 MP: 3/3
   107 | D:1      | XOM: silly message
   114 | D:1      | Found a faded altar of an unknown god.
   186 | D:1      | XOM: noise
   243 | D:1      | XOM: smoke on damage
   253 | D:1      | Reached XP level 2. HP: 11/18 MP: 4/4
   314 | D:1      | XOM: potion effect (berserk rage)
   390 | D:1      | XOM: divination: magic mapping
   600 | D:1      | XOM: divination: detect creatures
   727 | D:1      | XOM: silly message
   962 | D:2      | Reached XP level 3. HP: 22/22 MP: 5/5
  1028 | D:2      | XOM: noise
  1037 | D:2      | HP: 1/22 [poisoned by an adder]
  1038 | D:2      | Slain by an adder

Illustrated notes

Levels and vault maps discovered:
D:1:      grunt_arrival_crossed_arrows, layout_basic,
          shapermc_ecumenical_altar_pompeii, serial_bayou_pond_a,
          minmay_pentomino_q2
D:2:      layout_loops_ring, serial_shops, shop, minivault_11,
          kennysheep_generic_room_6, uniq_sigmund

Action                     || total
---------------------------++-------
  Melee: Short sword       ||    82
  Evoke: Piece from Xom's  ||     1
    Use: Potion            ||     3
   Stab: Paralysed         ||     2
 Armour: Leather armour    ||    24
         Skin              ||     1
  Dodge: Dodged            ||    62
